Map: Blackpink LE

Players

eonblu

  • Race: Zerg Zerg
  • Spawn Location: 1:00

Hellraiser - Winner!

  • Race: Protoss Protoss
  • Spawn Location: 7:00

Event: IEM Season 12 - Katowice

VOD

Have the link to the VOD?

Description

Time

  • Played on: Feb. 27, 2018, 5:15 a.m.
  • Length: 7:58

All games in this series

Show
View Real Time Build Order
Export as new Build Order

eonblu Zerg 

Build Orders: Hatch First 

Get SALT Encoding   

  12  0:00  Drone  
  13  0:12  Overlord  
  13  0:18  Drone  
  14  0:31  Drone x2  
  16  0:48  Hatchery  
  15  0:51  Drone  
  15  0:54  Drone  
  17  1:06  Extractor  
  17  1:10  Spawning Pool  
  15  1:13  Drone  
  15  1:16  Drone  
  17  1:21  Drone  
  18  1:35  Drone  
  19  1:44  Overlord  
  19  1:56  Queen  
  19  1:57  Zergling x2  
  19  1:59  Queen  
  19  2:00  Zergling x2  
  25  2:04  Drone  
  26  2:09  Metabolic Boost  
  26  2:13  Drone  
  27  2:18  Drone  
  28  2:39  Hatchery  
  28  2:40  Zergling x4  
  30  2:44  Drone  
  30  2:50  Evolution Chamber  
  29  3:02  Zergling x10  
  34  3:09  Zergling x4  
  36  3:13  Overlord  
  36  3:27  Drone  
  36  3:33  Drone x4  
  40  3:36  Overlord  
  40  3:41  Drone  
  41  3:42  Drone  
  41  3:46  Drone  
  43  3:49  Drone  
  43  3:53  Drone  
  44  3:57  Drone x4  
  44  3:59  Drone  
  47  4:05  Zergling x2  
  46  4:10  Drone x2  
  46  4:14  Spore Crawler  
  46  4:15  Spore Crawler  
  45  4:21  Drone x4  
  45  4:22  Drone  
  45  4:23  Drone  
  48  4:24  Drone  
  48  4:28  Spore Crawler, Zerg Missile Weapons Level 1  
  48  4:31  Extractor  
  46  4:32  Extractor  
  46  4:33  Zergling x2  
  46  4:34  Zergling x2  
  47  4:39  Overlord  
  47  4:42  Overlord  
  47  4:52  Roach Warren  
  46  4:59  Overlord  
  46  5:06  Zergling x6  
  46  5:07  Zergling x6  
  48  5:17  Queen  
  48  5:18  Overlord  
  48  5:35  Roach x7  
  57  5:40  Roach  
  57  5:45  Zergling x6  
  56  5:53  Roach x2  
  56  5:54  Roach  
  62  6:01  Zergling x4  
  58  6:14  Drone x4  
  58  6:16  Drone  
  63  6:18  Ravager  
  63  6:23  Ravager x3  
  67  6:26  Ravager  
  67  6:31  Zergling x4  
  70  6:37  Zergling x4  
  72  6:41  Overlord  
  65  7:04  Ravager x3  
  65  7:06  Zergling x18  
  73  7:14  Zergling x2  
  73  7:20  Zergling x2  
  73  7:22  Overlord x2  
  72  7:31  Zergling x2  
Show
View Real Time Build Order
Export as new Build Order

Hellraiser Protoss - Winner!

Build Orders: 1 Gate Expand, Oracle Opening, Phoenix Opening 

Get SALT Encoding   

  12  0:00  Probe  
  13  0:12  Probe  
  14  0:20  Pylon  
  14  0:25  Probe (Chrono Boost)  
  15  0:38  Probe (Chrono Boost), Gateway  
  16  0:46  Probe (Chrono Boost)  
  16  0:47  Assimilator  
  17  0:52  Probe  
  18  1:04  Probe  
  19  1:20  Nexus  
  19  1:22  Probe  
  20  1:35  Cybernetics Core  
  20  1:36  Probe  
  21  1:44  Assimilator  
  21  1:48  Probe  
  21  1:52  Pylon  
  22  2:00  Probe  
  23  2:09  Adept (Chrono Boost)  
  23  2:12  Probe  
  26  2:23  Stargate  
  26  2:26  Probe (Chrono Boost)  
  26  2:27  Adept (Chrono Boost)  
  29  2:34  Probe (Chrono Boost)  
  31  2:42  Probe (Chrono Boost)  
  31  2:43  Probe (Chrono Boost)  
  32  2:45  Warp Gate  
  32  2:47  Adept  
  32  2:48  Probe (Chrono Boost)  
  32  2:49  Probe  
  36  3:00  Probe  
  36  3:01  Probe  
  36  3:02  Gateway  
  38  3:07  Oracle (Chrono Boost)  
  38  3:12  Probe  
  42  3:13  Probe  
  42  3:19  Pylon  
  43  3:24  Probe  
  43  3:26  Gateway  
  44  3:27  Probe  
  44  3:33  Pylon  
  45  3:36  Probe  
  45  3:37  Phoenix (Chrono Boost)  
  45  3:40  Probe  
  49  3:49  Probe, Pylon  
  49  3:55  Pylon  
  50  3:58  Oracle (Chrono Boost)  
  50  4:01  Probe  
  52  4:05  Shield Battery  
  50  4:12  Probe  
  50  4:15  Probe  
  49  4:24  Probe  
  49  4:27  Probe  
  51  4:36  Pylon  
  52  4:39  Probe (Chrono Boost)  
  52  4:40  Probe (Chrono Boost)  
  53  4:47  Assimilator x2  
  53  4:49  Probe (Chrono Boost)  
  53  4:50  Adept x3  
  53  4:51  Probe (Chrono Boost)  
  61  4:54  Probe (Chrono Boost)  
  62  5:00  Probe  
  62  5:05  Probe  
  64  5:10  Robotics Facility  
  64  5:13  Probe, Adept, Zealot  
  69  5:17  Probe  
  70  5:39  Probe  
  68  5:43  Probe  
  68  5:44  Forge, Nexus  
  69  5:51  Probe, Pylon  
  69  5:53  Pylon  
  69  5:55  Probe  
  71  6:03  Probe  
  74  6:05  Robotics Bay  
  74  6:10  Immortal (Chrono Boost)  
  75  6:11  Sentry  
  75  6:12  Sentry  
  75  6:16  Stalker  
  75  6:17  Pylon  
  81  6:21  Pylon  
  80  6:29  Gateway  
  80  6:30  Gateway  
  80  6:32  Gateway  
  79  6:41  Immortal (Chrono Boost)  
  79  6:46  Probe  
  84  6:48  Pylon  
  84  6:50  Zealot x2  
  84  6:52  Sentry  
  88  7:12  Stalker  
  88  7:13  Zealot  
  96  7:18  Disruptor (Chrono Boost)  
  96  7:22  Stalker  
  95  7:23  Cybernetics Core  
  95  7:27  Stalker  
  95  7:28  Stalker x2  
  101  7:36  Gateway  
  101  7:52  Zealot x5  

Tags
 
Add a new tag
Caveats
  • Supply blocks, unpowered buildings, or Contaminate may cause inaccurate times.
  • Supply counts are checked every 10 seconds.